 Dungeon Crawl Stone Soup version 0.26-a0-962-g9b92081034 (webtiles) character file.

Game seed: 16417513243911021622

827 Ijustatesigmund the Chopper (level 7, -4/50 HPs)
             Began as an Octopode Fighter on Dec 2, 2020.
             Slain by a worm (12 damage)
             ... on level 4 of the Dungeon.
             The game lasted 00:10:34 (5385 turns).

Ijustatesigmund the Chopper (Octopode Fighter)      Turns: 5385, Time: 00:10:34

Health: -4/50      AC:  1    Str: 15    XL:     7   Next: 97%
Magic:  16/16      EV:  9    Int: 12    God:
Gold:   203        SH: 10    Dex: 12    Spells: 6/6 levels left

rFire    . . .     SeeInvis .   a - +2 war axe
rCold    . . .     Faith    .   b - +1 kite shield
rNeg     . . .     Spirit   .   (helmet restricted)
rPois    .         Reflect  .   (no amulet)
rElec    .         Harm     .   g - ring of magical power
rCorr    .         Rampage  .   k - ring of teleportation (curse)
MR       .....     Rnd*Tele +   l - -4 ring of evasion (curse)
Stlth    +.........             (no ring)
HPRegen  0.16/turn              (no ring)
MPRegen  0.15/turn              (no ring)
                                (no ring)
                                (no ring)

@: glowing
A: almost no armour, stealthy swim, amphibious, 8 rings, constrict 8, camouflage
1, gelatinous body 1
a: no special abilities


You were on level 4 of the Dungeon.
You visited 1 branch of the dungeon, and saw 5 of its levels.

You collected 203 gold pieces.

Inventory:

Hand Weapons
 a - a +2 war axe (weapon)
Missiles
 m - 3 datura-tipped darts (quivered)
Armour
 b - a +1 kite shield (worn)
Jewellery
 g - a ring of magical power (left tentacle)
 k - a cursed ring of teleportation (right tentacle)
 l - a cursed -4 ring of evasion (on tentacle)
Wands
 c - a wand of flame (24)
Scrolls
 o - a scroll of identify
Potions
 d - 4 potions of attraction
 e - a potion of flight
 i - a potion of brilliance
 n - a potion of magic


   Skills:
 + Level 5.4 Fighting
 + Level 5.9 Axes
 + Level 4.4 Dodging
 + Level 4.4 Shields


You had 6 spell levels left.
You didn't know any spells.
Your spell library was empty.

Dungeon Overview and Level Annotations

Branches:
Dungeon (5/15)
 Temple: D:4-7

Altars:
Dithmenos
Fedhas
Gozag
Makhleb
Okawaru
Qazlal
Ru
Sif Muna
Zin


Innate Abilities, Weirdness & Mutations

You cannot wear most types of armour.
You are very stealthy in the water. (Stealth+)
You are amphibious.
You can wear up to eight rings at the same time.
You can use your tentacles to constrict eight enemies at once.
Your skin changes colour to match your surroundings (Stealth+).
Your rubbery body absorbs attacks. (AC +1, EV +1)


Message History

You barely miss the gnoll shaman. You grab the gnoll shaman.
You constrict the gnoll shaman, but do no damage.
The gnoll shaman hits you with a +0 club.
You hit the gnoll shaman.
The gnoll shaman is moderately wounded.
You constrict the gnoll shaman. You block the gnoll shaman's attack.
You completely miss the gnoll shaman.
You squeeze the gnoll shaman, but do no damage.
The gnoll shaman is moderately wounded.
You constrict the gnoll shaman, but do no damage.
The gnoll shaman hits you with a +0 club!
* * * LOW HITPOINT WARNING * * *
You slash the gnoll shaman! You squeeze the gnoll shaman.
You kill the gnoll shaman!
You barely miss the worm. You grab the worm. You constrict the worm.
The worm barely misses you.
You hit the worm. You squeeze the worm!
The worm is severely wounded.
You constrict the worm. The worm bites you!
You die...

#.#####.#### ##....
#.##.......# #.....
#.##.##.##.#####.##..
#.##.##.......##.##.)
#.......##.##.##.###.
#....##.##.##.##.# #)
#.#..##.##.......###.
#.(.###..)....####..)
##..@w....>.......>..
#.####..).....###...
#..# #...#........#.
##.# #........##...#
#.# #........###...
#.# #........###...
#.# ########.......
#.# #####... #.# #.##


You could see a worm.

Vanquished Creatures
  Sigmund (D:3)
  An ogre (D:4)
  An orc priest (D:4)
  A bullfrog skeleton (D:4)
  4 hounds
  A gnoll shaman (D:4)
  Jessica (D:3)
  Terence (D:3)
  3 worker ants
  Robin (D:3)
  3 gnolls (D:4)
  6 adders
  2 worms
  3 dart slugs
  2 orcs (D:3)
  7 giant cockroaches
  21 goblins
  11 hobgoblins
  5 jackals
  2 quokkas
  3 ball pythons
  4 bats
  6 frilled lizards
  6 kobolds
  9 rats
105 creatures vanquished.

Vanquished Creatures (collateral kills)
  An orc wizard (D:4)
  2 gnolls (D:4)
  2 orcs (D:4)
5 creatures vanquished.

Vanquished Creatures (others)
  An orc (D:4)
1 creature vanquished.

Grand Total: 111 creatures vanquished

Notes
Turn   | Place    | Note
-------+----------+-------------------------------------------
     0 | D:1      | Ijustatesigmund the Octopode Fighter began the quest for
                  | the Orb.
     0 | D:1      | Reached XP level 1. HP: 16/16 MP: 1/1
   352 | D:1      | Reached XP level 2. HP: 20/21 MP: 2/2
  1040 | D:2      | Reached XP level 3. HP: 24/26 MP: 3/3
  1358 | D:2      | Found an iron altar of Okawaru.
  1574 | D:2      | Found a stormy altar of Qazlal.
  1833 | D:2      | Found an opulent altar of Gozag.
  1837 | D:2      | Found a shadowy altar of Dithmenos.
  1842 | D:2      | Found a sacrificial altar of Ru.
  2117 | D:3      | Reached XP level 4. HP: 28/32 MP: 4/4
  2247 | D:3      | Noticed Terence
  2253 | D:3      | Killed Terence
  2393 | D:3      | Noticed Robin
  2549 | D:3      | Killed Robin
  2550 | D:3      | Reached XP level 5. HP: 22/37 MP: 5/5
  2774 | D:3      | Found a burning altar of Makhleb.
  3023 | D:3      | Noticed Sigmund
  3126 | D:4      | Noticed an ogre
  3353 | D:4      | Found a blossoming altar of Fedhas.
  3412 | D:4      | Reached skill level 5 in Axes
  3412 | D:4      | Reached XP level 6. HP: 44/44 MP: 6/6
  4204 | D:3      | Killed Sigmund
  4205 | D:3      | Reached XP level 7. HP: 16/49 MP: 7/7
  4347 | D:3      | Found a shimmering blue altar of Sif Muna.
  4348 | D:3      | Noticed Jessica
  4355 | D:3      | Killed Jessica
  4356 | D:3      | Reached skill level 5 in Fighting
  5014 | D:5      | Entered Level 5 of the Dungeon
  5014 | D:5      | Found a glowing silver altar of Zin.
  5385 | D:4      | Slain by a worm

Illustrated notes

Levels and vault maps discovered:
D:1:      dpeg_arrival_simpleton_c, layout_loops_cross
D:2:      layout_loops_ring, okawaru_gym_becter,
          minmay_overflow_temple_star_quad, nicolae_qazlal_eye_of_the_storm,
          minmay_crystal_water
D:3:      layout_basic, lemuel_crystal_altar, tgw_sif, uniq_terence, uniq_robin,
          uniq_sigmund
D:4:      layout_loops_cross, lemuel_round_altar
D:5:      layout_cave_pools, grunt_temple_overflow_order_and_chaos_1,
          minmay_temple_entry_ruins, serial_gnoll_camp, gnoll_camp_mini_hut,
          gnoll_camp_mini_hut, gnoll_camp_huts_basic, gnoll_camp_mini_doghouse,
          gnoll_camp_mini_loothouse, gnoll_camp_medium_02, uniq_pikel

Skill      XL: |  1  2  3  4  5  6  7 |
---------------+----------------------+-----
Axes           | 3 4 5 |  5.9
Fighting       | 4 5 |  5.4
Dodging        | 4 |  4.4
Shields        | 4 |  4.4

Action                   |  1- 3 |  4- 6 |  7- 9 || total
-------------------------+-------+-------+-------++-------
Melee: War axe           |    67 |    93 |    37 ||   197
       Constrict         |    20 |    23 |     7 ||    50
       Tentacles         |     9 |    20 |    12 ||    41
Throw: Dart              |       |     4 |       ||     4
  Use: Scroll            |     8 |     4 |     3 ||    15
       Potion            |     1 |     9 |     5 ||    15
 Stab: Sleeping          |     7 |     7 |     1 ||    15
       Distracted        |     1 |       |       ||     1
Armor: Skin              |     3 |     5 |     6 ||    14
Dodge: Dodged            |    20 |    41 |    33 ||    94
Block: Kite shield       |    29 |    32 |    24 ||    85

Table legend: (Time is in decaauts)
 A = Elapsed time spent in this place.
 B = Non-inter-level travel time spent in this place.
 C = Inter-level travel time spent in this place.
 D = Time resting spent in this place.
 E = Time spent auto-exploring this place.
 F = Levels seen in this place.
 G = Mean time per level.
                   A        B        C        D        E       F      G
               +--------+--------+--------+--------+--------+-----+--------+
         Total |   5425 |   5205 |    220 |   1324 |   3088 |   5 | 1085.0 |
       Dungeon |   5425 |   5205 |    220 |   1324 |   3088 |   5 | 1085.0 |
               +--------+--------+--------+--------+--------+-----+--------+

Top non-repeatable levels by time:
     D:3: 1595 daAuts
     D:4: 1525 daAuts
     D:2: 1270 daAuts
     D:1: 930 daAuts
     D:5: 103 daAuts
